[Event "*** Titled Tuesday Blitz"]
[Site "Chess.com"]
[Date "2019.08.06"]
[Round "2"]
[White "ZenBull"]
[Black "Sveta10"]
[Result "1-0"]
[WhiteElo "2123"]
[BlackElo "2061"]
[TimeControl "180+2"]
[EndTime "13:23:46 PDT"]
[Termination "ZenBull won by resignation"]

1. Nf3 Nf6 2. c4 g6 3. Nc3 Bg7 4. e4 d6 5. d4 O-O 6. h3 e5 7.
d5 Nh5 8. Nh2 Na6 9. g3 Qe8 10.
Be2 Nf6 11. Ng4 Nc5 12. Qc2 Nfxe4 13. Nxe4 Nxe4 14. Qxe4 f5 15. Qc2 fxg4 16. hxg4 e4 17. Be3 Bd7 18. O-O-O Ba4 19. b3 Bd7 20. Bd4 Qf7 21.
Rh2 Rae8 22. Bxg7 Qxg7 23. Rdh1 Rf7 24. Kb1 Qe5 25. Qb2 Qxb2+ 26. Kxb2 g5 27. Kc3 e3 28. f3 c6 29. Kd4 c5+ 30. Kd3 b5 31. Rh6 bxc4+ 32.
bxc4 Ree7 33. Rxd6 Be8 34. Rhh6 Rf8 35. Rde6 Rb7 36.
Rxe3 Bg6+ 37. Kc3 Rb1 38. Bd3 Rc1+ 39. Kd2 Ra1 40. Bxg6 hxg6 41. Rxg6+ Kf7 42. Ra6 Rb8 43. Rxa7+ Kg8 44. Ree7 Rb2+ 45. Kc3 Rb8 46. Rg7+ Kf8 47. Rxg5 Rc1+ 48. Kd2 Rxc4 49. Rf5+ Kg8 50. Re5 Rd4+ 51. Ke3 Rc4 52. d6 Rc3+ 53. Kf4 Rc4+ 54. Kg5 Rd4 55.
d7 Kf8 56. Rxc5 Rd8 57. Rc8 Ke7 58. Rxd8 Kxd8 59. f4 1-0

[Event "*** Titled Tuesday Blitz"]
[Site "Chess.com"]
[Date "2019.08.06"]
[Round "2"]
[White "adriangschnitzer"]
[Black "Oleg_Papayan"]
[Result "0-1"]
[WhiteElo "2564"]
[BlackElo "2528"]
[TimeControl "180+2"]
[EndTime "13:23:48 PDT"]
[Termination "Oleg_Papayan won by resignation"]

1. d4 Nf6 2. g3 c5 3. dxc5 Na6 4. Bg2 Nxc5 5. Nc3 d6 6. e4 g6 7. Nge2 Bg7 8. h3 O-O 9. O-O a6 10. a4 a5 11. Be3 Be6 12. Re1 Rc8 13. g4 Nfd7 14.
f4 Bc4 15. Bd4 Bxe2 16. Nxe2 Ne6 17. Bxg7 Kxg7 18. Kh2 Qb6 19. b3 Qe3 20. Qc1 Qf2 21. Qd2 g5 22. Rf1 Qc5 23. f5 Nf4 24. Nxf4 gxf4 25.
c4 Qe3 26. Qb2+ Ne5 27. Rae1 Qg3+ 28. Kh1 f6 29. Qe2 Qxb3 30. Rxf4 Rxc4 31. g5 fxg5 32. Rf2 h6 33. Qh5 Rf6 34. Rg1 Rc3 35. Bf1 Rf3 36.
Rh2 Qf7 37. Qxf7+ Kxf7 38. h4 gxh4 39. Rxh4 Ra3 40. Bb5 Rc3 41. Rf1 Rc8 42. Rh2 e6 43. Rg2 exf5 44. exf5 Rg8 45. Rxg8 Kxg8 46. Rc1 Rxf5 47.
Rc8+ Kg7 48. Rc7+ Rf7 49. Rc8 Kf6 50. Ra8 Rg7 51. Rxa5 Nf3 0-1

[Event "*** Titled Tuesday Blitz"]
[Site "Chess.com"]
[Date "2019.08.06"]
[Round "2"]
[White "SmoothAsAHedgehog"]
[Black "GadimbayliA"]
[Result "0-1"]
[WhiteElo "2621"]
[BlackElo "2889"]
[TimeControl "180+2"]
[EndTime "13:23:54 PDT"]
[Termination "GadimbayliA won by checkmate"]

1. c4 e5 2. Nc3 Nf6 3. g3 d5 4.
cxd5 Nxd5 5. Bg2 Nb6 6. Nf3 Nc6 7. O-O Be7 8. a3 O-O 9. b4 Be6 10. Bb2 f6 11. d3 a5 12. b5 Nd4 13. Nxd4 exd4 14.
Ne4 a4 15. Qc1 Bd5 16. Nd2 Bxg2 17. Kxg2 Ra5 18. Nf3 Rxb5 19. Bxd4 c5 20. Be3 Qd5 21. Rb1 Rb3 22. Kg1 Qe6 23. Nd2 Rxb1 24. Qxb1 Nd5 25. Nc4 Qa6 26. Bd2 b5 27. Ne3 Nxe3 28. Bxe3 b4 29.
Rc1 Qb5 30. d4 cxd4 31. Bxd4 b3 32. Bb2 Re8 33. e3 Bf8 34. Rd1 Rc8 35. Qe4 Qc4 36. Qf5 Qc2 37. Qe6+ Kh8 38. Rc1 Qxc1+ 39. Bxc1 Rxc1+ 40. Kg2 b2 41. Qe8 h6 42. Qxf8+ Kh7 43. Qe8 b1=Q 44. e4 Rg1+ 45. Kh3 Qf1+ 46. Kh4 Qxf2 47. h3 Qxg3+ 48. Kh5 Qg5# 0-1

[Event "*** Titled Tuesday Blitz"]
[Site "Chess.com"]
[Date "2019.08.06"]
[Round "2"]
[White "2nd_life"]
[Black "Tiqr777"]
[Result "1/2-1/2"]
[WhiteElo "2435"]
[BlackElo "2554"]
[TimeControl "180+2"]
[EndTime "13:23:56 PDT"]
[Termination "Game drawn by agreement"]

1. e4 g6 2. d4 Bg7 3. Nf3 d6 4. Bc4 e6 5. Bb3 Ne7 6. c3 Nd7 7. h4 h6 8. a4 a5 9. Bf4 b6 10. Nbd2 Bb7 11. Qe2 d5 12. Bc2 dxe4 13. Bxe4 Qc8 14.
Ne5 Bxe4 15. Nxe4 Nd5 16. Bg3 Nxe5 17. Bxe5 f6 18. Bh2 f5 19. Nd2 O-O 20. O-O Qd7 21. Rfe1 Rae8 22. Nc4 f4 23. Qg4 Qf7 24. Ne5 Bxe5 25.
Rxe5 h5 26. Qf3 Qf6 27. Rae1 Qxh4 28. Rxe6 Rxe6 29. Rxe6 Rf5 30. Qe4 Nf6 31. Qc6 Kf7 32.
Re5 Rxe5 33. dxe5 Ng4 34. e6+ Ke7 35. Qxc7+ Kxe6 36. Qxf4 Qxh2+ 37. Qxh2 Nxh2 38. Kxh2 Kd5 39. Kh3 g5 40. g3 Ke4 41. b4 Kf3 42. bxa5 bxa5 43. c4 Ke4 44. c5 Kd5 45. f3 Kxc5 46.
f4 gxf4 47. gxf4 Kd5 48. Kh4 Ke4 49. Kxh5 Kxf4 50. Kh4 Ke4 51. Kg3 Kd4 52. Kf2 Kc4 53.
Ke1 Kb3 54. Kd1 Kxa4 55. Kc1 Kb3 56. Kb1 a4 57. Ka1 1/2-1/2

[Event "*** Titled Tuesday Blitz"]
[Site "Chess.com"]
[Date "2019.08.06"]
[Round "2"]
[White "Frolik67"]
[Black "slowdgehammer"]
[Result "1/2-1/2"]
[WhiteElo "2618"]
[BlackElo "2416"]
[TimeControl "180+2"]
[EndTime "13:23:56 PDT"]
[Termination "Game drawn by stalemate"]

1. e4 c5 2. d4 cxd4 3. c3 d5 4. exd5 Qxd5 5. cxd4 Nc6 6. Nf3 Bg4 7. Be2 Nf6 8. Nc3 Qd8 9. h3 Bh5 10. O-O e6 11. Be3 Be7 12. Rc1 a6 13. Re1 O-O 14. Qb3 Na5 15. Qc2 Rc8 16. a3 Nc4 17. Bxc4 Rxc4 18.
Qb3 b5 19. Ne5 Rc8 20. f3 Bg6 21. Bf2 Re8 22. Red1 Bd6 23. Ne2 Nd5 24. Nc3 Nf4 25.
Be3 Qg5 26. Bxf4 Qxf4 27. Ne2 Qg5 28. f4 Qf5 29. Qe3 Qe4 30. Kf2 Qd5 31. Nc3 Qb7 32.
g3 b4 33. axb4 Bxb4 34. Qf3 Qb6 35. Nxg6 hxg6 36. Qe3 Be7 37. Rc2 Red8 38. Rcd2 Rd7 39. d5 Bc5 40. Rd4 exd5 41. Qe5 Qxb2+ 42. Ne2 Bxd4+ 43.
Rxd4 Rdd8 44. Kf3 Qb3+ 45. Kg4 Re8 46. Qd6 Rxe2 47. Rxd5 Qe3 48. Qd7 Qe6+ 49. Kh4 Qxd7 50. Rxd7 Ra2 51. Ra7 a5 52. g4 a4 53. f5 gxf5 54.
gxf5 a3 55. Kh5 Ra1 56. f6 gxf6 57. h4 a2 58. Kh6 Rb8 59. h5 Rg1 60. Ra8 Rb1 61.
Rxb8+ Rxb8 1/2-1/2

[Event "*** Titled Tuesday Blitz"]
[Site "Chess.com"]
[Date "2019.08.06"]
[Round "2"]
[White "stoleriu"]
[Black "marianokar"]
[Result "0-1"]
[WhiteElo "2510"]
[BlackElo "2434"]
[TimeControl "180+2"]
[EndTime "13:23:57 PDT"]
[Termination "marianokar won by resignation"]

1. e4 c5 2. Nc3 e6 3. Nf3 a6 4. d4 cxd4 5. Nxd4 Qc7 6. Bd3 b5 7. O-O Bb7 8. Qe2 Bc5 9. Nb3 Be7 10. a4 b4 11. Na2 Nf6 12. Bd2 Nc6 13. c3 Ne5 14.
Bc2 bxc3 15. Nxc3 O-O 16. Rac1 Qc4 17. Qd1 Bb4 18. Bf4 Bxc3 19. bxc3 Ng6 20. Bd6 Bxe4 21.
Nd2 Bxc2 22. Qxc2 Qc6 23. Bxf8 Rxf8 24. Rb1 Nf4 25. Nf3 Qxc3 26. Qxc3 Ne2+ 27. Kh1 Nxc3 28. Rb6 Nxa4 29. Rxa6 Nc5 30. Rd6 Nce4 31. Ra6 d5 32.
Kg1 g5 33. Ne5 h6 34. Ra7 Nd6 35. Rb1 Rc8 36. h3 Nfe4 37. f3 Nc3 38. Rb6 Nc4 39.
Nxc4 dxc4 40. Rbb7 Nd5 41. Rxf7 c3 42. Rg7+ Kh8 43.
Rh7+ Kg8 44. Rag7+ Kf8 45. Rh8+ Kxg7 46. Rxc8 Kf6 47.
Kf2 h5 48. g3 h4 49. gxh4 gxh4 50. Rc4 Kg5 51. Rg4+ Kf5 52. Rxh4 Nf4 53. Kg3 Ne2+ 54. Kf2 c2 55. Rc4 c1=Q 56. Rxc1 Nxc1 57. Ke3 Nb3 58. f4 Nc5 59. h4 Ne4 60. h5 Nf6 61. h6 Ng4+ 0-1

[Event "*** Titled Tuesday Blitz"]
[Site "Chess.com"]
[Date "2019.08.06"]
[Round "2"]
[White "Jbd735"]
[Black "M1711"]
[Result "0-1"]
[WhiteElo "2416"]
[BlackElo "2518"]
[TimeControl "180+2"]
[EndTime "13:24:00 PDT"]
[Termination "M1711 won by checkmate"]

1. e4 c5 2. Nf3 e6 3. d3 Nc6 4.
g3 g6 5. Bg2 Bg7 6. O-O Nge7 7.
Re1 d6 8. Nbd2 O-O 9. Rb1 e5 10. Nc4 h6 11. c3 Be6 12. b3 f5 13. Bb2 Qd7 14. d4 fxe4 15. Rxe4 Bf5 16. Re1 Bxb1 17. Qxb1 exd4 18. cxd4 cxd4 19. Qd3 Nf5 20. g4 Nfe7 21.
Nxd4 Ne5 22. Nxe5 dxe5 23. Qc4+ Kh8 24. Nf3 Rf4 25. Nxe5 Qd2 26. Nf3 Qxe1+ 27. Nxe1 Rxc4 28. Bxg7+ Kxg7 29. bxc4 Rc8 30. Bxb7 Rxc4 31. Bf3 Ra4 32. Kg2 Rxa2 33. Nd3 a5 34. Be4 Ra4 35. Kf3 Rc4 36.
Ke3 a4 37. Ne5 Rc8 38. Kd4 a3 39. Bb1 Rc1 40. Ba2 Rc2 41. Bb3 Rb2 42. Be6 a2 43.
Bxa2 Rxa2 44. Nd3 Kf6 45. h4 g5 46. h5 Ra4+ 47. Ke3 Rxg4 48. f3 Rh4 49. Kf2 Rxh5 50. Kg3 Nf5+ 51. Kg2 Rh4 52. Nf2 Ra4 53. Ne4+ Rxe4 54.
fxe4 Nd6 55. Kf3 Ke5 56. Kg4 Nxe4 57. Kh5 Kf5 58. Kxh6 g4 59. Kh5 g3 60. Kh4 g2 61.
Kh3 g1=Q 62. Kh4 Qg4# 0-1

[Event "*** Titled Tuesday Blitz"]
[Site "Chess.com"]
[Date "2019.08.06"]
[Round "2"]
[White "MarianPetrov"]
[Black "IMDT02"]
[Result "0-1"]
[WhiteElo "2552"]
[BlackElo "2532"]
[TimeControl "180+2"]
[EndTime "13:24:02 PDT"]
[Termination "IMDT02 won on time"]

1. e4 c5 2. Nf3 Nc6 3. Bb5 Nf6 4.
e5 Nd5 5. Nc3 Nc7 6. Bxc6 dxc6 7. d3 g6 8. h3 Bg7 9. O-O O-O 10. Ne4 Ne6 11. Re1 b6 12. Be3 Nd4 13. Nxd4 cxd4 14. Bf4 c5 15. Qd2 Re8 16. h4 Qd5 17. Ng3 Bb7 18. f3 Rac8 19. b3 b5 20. a4 a6 21.
axb5 axb5 22. h5 c4 23. bxc4 bxc4 24. hxg6 hxg6 25. Kf2 cxd3 26. cxd3 Rc6 27. Ra5 Qb3 28. Re2 Rec8 29. Ra2 Rc3 30. Rb2 Qd5 31. Bg5 Ba6 32. Bxe7 Bxd3 33. Bf6 Bxe2 34. Nxe2 R3c4 35. Bxg7 Kxg7 36. Qf4 d3 37. Qf6+ Kg8 38. Nf4 Qd4+ 39. Kg3 R4c6 40. Rb8 Rxf6 41. Rxc8+ Kg7 42. exf6+ Kxf6 43. Rc6+ Kg7 44. Rxg6+ Kf8 0-1

[Event "*** Titled Tuesday Blitz"]
[Site "Chess.com"]
[Date "2019.08.06"]
[Round "2"]
[White "ALEXJR20"]
[Black "alturas_pacificas"]
[Result "1-0"]
[WhiteElo "2190"]
[BlackElo "2237"]
[TimeControl "180+2"]
[EndTime "13:24:03 PDT"]
[Termination "ALEXJR20 won by resignation"]

1. c4 c6 2. d4 d5 3. cxd5 cxd5 4. Nc3 Nf6 5. Bf4 Nc6 6. e3 e6 7. Bd3 Bd6 8. Bxd6 Qxd6 9. f4 a6 10. Nf3 b5 11. Ne5 Bb7 12. Qf3 Na5 13. O-O Nc4 14. b3 Nd2 15. Qg3 O-O 16. Rfd1 Nde4 17. Nxe4 dxe4 18. Be2 Rac8 19. Rac1 Rxc1 20. Rxc1 Rc8 21. Qe1 Rxc1 22. Qxc1 Nd5 23. Qc5 Qxc5 24. dxc5 Nxe3 25. c6 Bc8 26. Nd7 Nd5 27. g3 f6 28. a4 bxa4 29.
bxa4 Kf7 30. Bc4 Ke7 31. Bxd5 exd5 32. Nb6 Be6 33. c7 d4 34. c8=Q Bxc8 35. Nxc8+ Ke6 36. Kf2 Kd5 37. Ke2 Kc4 38. Nd6+ Kd5 39. Ne8 Kc4 40. Nxg7 Kc3 41. Nf5 d3+ 42. Kd1 Kb4 43.
Kd2 Kxa4 44. Nd6 Kb4 45. Nxe4 a5 46. Nf2 a4 47. Nxd3+ Kb5 48. Kc3 a3 49. Kb3 a2 50.
Kxa2 Kc4 51. Nf2 f5 52. g4 fxg4 53. Nxg4 Kd4 54. Nf2 Ke3 55. f5 Kxf2 56. f6 Kg2 57. f7 h5 58. f8=Q Kxh2 59. Qf2+ Kh3 60. Qf3+ Kh4 61.
Qh1+ Kg4 62. Kb3 h4 63. Kc3 Kg3 64. Kd2 h3 65. Ke2 h2 66. Ke3 Kh3 67. Kf4 1-0

[Event "*** Titled Tuesday Blitz"]
[Site "Chess.com"]
[Date "2019.08.06"]
[Round "2"]
[White "Karacsonyi_Gellert"]
[Black "temus_galaktionov"]
[Result "0-1"]
[WhiteElo "2536"]
[BlackElo "2671"]
[TimeControl "180+2"]
[EndTime "13:24:04 PDT"]
[Termination "temus_galaktionov won by resignation"]

1. e4 c6 2. d4 g6 3. Nc3 Bg7 4. Nf3 d6 5. h3 Nd7 6. Bf4 e5 7.
Bh2 Qe7 8. Be2 Ngf6 9. O-O O-O 10. dxe5 dxe5 11. a4 Nh5 12. Qc1 a5 13. Qe3 Nc5 14.
Rad1 b6 15. Rd2 Bb7 16. Rfd1 Rfe8 17. g4 Nf4 18. Bxf4 exf4 19. Qxf4 Bxc3 20. bxc3 Qxe4 21. Qxe4 Nxe4 22. Rd7 Bc8 23. Rd8 Be6 24. Rxa8 Rxa8 25. Rd3 Bc4 26. Re3 Bxe2 27. Nd4 Nc5 28. Rxe2 Nxa4 29. Nxc6 Nxc3 30. Re3 Nd5 31. Rd3 Nf4 32. Rb3 Ra6 33. Nb8 Ra8 34. Rxb6 a4 35. Nc6 a3 36.
Rb1 Nxh3+ 37. Kg2 Nf4+ 38. Kf3 Nd5 39. c4 Nc3 40. Ra1 a2 41. Nb4 Rb8 42. Nc2 Rb2 43. Nd4 Na4 44. Ke3 h5 45. gxh5 gxh5 46. Ne2 Kg7 47. Nc1 Nc3 48. Kd3 Rb1 49. Nxa2 Rxa1 50.
Nxc3 Kf6 51. c5 Ke6 52. Ne4 h4 53. c6 Rc1 54. Ng5+ Ke7 55. Nf3 h3 56. Ke4 Rxc6 57. Kf4 Rg6 58. Nh2 Rg2 59. Nf3 h2 0-1

[Event "*** Titled Tuesday Blitz"]
[Site "Chess.com"]
[Date "2019.08.06"]
[Round "2"]
[White "AbasovN"]
[Black "WPWPWP-2015"]
[Result "1-0"]
[WhiteElo "2881"]
[BlackElo "2399"]
[TimeControl "180+2"]
[EndTime "13:24:07 PDT"]
[Termination "AbasovN won by resignation"]

1. e4 e5 2. Nf3 Nc6 3. Bb5 Nf6 4. O-O Nxe4 5. Re1 Nd6 6. Nxe5 Be7 7. Bf1 O-O 8. Nc3 Nf5 9. Nf3 d5 10. d4 Nh4 11. Ne5 Nf5 12. Nxc6 bxc6 13. Bf4 Be6 14. Na4 Bd6 15. Qd2 Qh4 16. Bxd6 cxd6 17. Rad1 Rab8 18.
b3 h6 19. c3 Qg5 20. Qxg5 hxg5 21. g3 g4 22. Kg2 g6 23. Be2 Ng7 24. Bd3 f5 25. Nb2 Kf7 26. h4 gxh3+ 27. Kxh3 Nh5 28. Kg2 Nf6 29. f3 Rh8 30. Bb1 Rh6 31. Rh1 Rbh8 32.
Rxh6 Rxh6 33. Nd3 g5 34. Re1 Rh8 35. b4 Bc8 36. Bc2 Bd7 37. a3 Be6 38. Nc1 a5 39. Nb3 axb4 40. axb4 Ra8 41. Na5 c5 42.
Kf2 cxb4 43. cxb4 Rb8 44. Nc6 Rc8 45. b5 Bd7 46. Ba4 Bxc6 47. bxc6 Ng8 48. Rc1 Rc7 49. Ke3 Ke7 50. Kd3 Kd8 51. Rh1 Rg7 52. Rb1 Ne7 53. Rb8+ Kc7 54. Rb7+ Kc8 55. Bb5 f4 56. g4 Rh7 57. Ba6 Kd8 58. c7+ Kd7 59. c8=R+ Kxc8 60. Rxe7+ Kd8 61. Rxh7 Ke8 62. Bb7 Kf8 63. Bxd5 Ke8 64. Ke4 Kf8 65. Kf5 1-0

[Event "*** Titled Tuesday Blitz"]
[Site "Chess.com"]
[Date "2019.08.06"]
[Round "2"]
[White "payto1"]
[Black "albi1999"]
[Result "1/2-1/2"]
[WhiteElo "2331"]
[BlackElo "2479"]
[TimeControl "180+2"]
[EndTime "13:24:07 PDT"]
[Termination "Game drawn by agreement"]

1. d4 Nf6 2. Bg5 e6 3. e4 h6 4. Bxf6 Qxf6 5. Qd2 c5 6. c3 cxd4 7. cxd4 Nc6 8. Nf3 Bb4 9. Nc3 d6 10. Bd3 O-O 11. a3 Ba5 12. Qe3 e5 13. d5 Nd4 14. O-O Nxf3+ 15. Qxf3 Qxf3 16. gxf3 Bxc3 17. bxc3 Bd7 18. c4 Rfc8 19. a4 Kf8 20. Rfb1 Rc7 21. a5 Ke7 22. Rb4 Rf8 23. Rab1 Bc8 24. Kg2 g6 25. Kg3 f5 26. exf5 gxf5 27. Kh4 Rg8 28. Bf1 Kf6 29. h3 Rg5 30. f4 exf4 31. Be2 Rg2 32. Rf1 Rcg7 33. Bf3 Rh2 34. c5 dxc5 35. Rxf4 Ke5 36. Rc4 f4 37. Re1+ Kd6 38. Rh1 Rxh1 39. Bxh1 b5 40. axb6 axb6 41. Rxf4 b5 42. Rf6+ Ke5 43.
Rc6 Bd7 44. Rxc5 Rg1 45. Bf3 Kf4 46. Rc3 b4 47. Re3 Rf1 48. Bh5 Rxf2 49. Rb3 Rh2 50. Rxb4+ Ke5 51. Bg4 Bxg4 52. Rxg4 Kxd5 53. Rg6 Ke5 54.
Rxh6 Kf5 55. Ra6 Rb2 56. Kh5 Rb8 57. Ra5+ Kf6 58. h4 Kg7 59. Kg5 Rb1 60. Ra7+ Kh8 61. h5 Rb6 62. Rf7 Rb5+ 63. Kg6 Rb6+ 64. Rf6 Rxf6+ 65.
Kxf6 Kh7 1/2-1/2

[Event "*** Titled Tuesday Blitz"]
[Site "Chess.com"]
[Date "2019.08.06"]
[Round "2"]
[White "paladin_ll"]
[Black "Ibraev_Vasilj"]
[Result "0-1"]
[WhiteElo "2183"]
[BlackElo "2287"]
[TimeControl "180+2"]
[EndTime "13:24:08 PDT"]
[Termination "Ibraev_Vasilj won by resignation"]

1. Nf3 c5 2. c4 Nf6 3. Nc3 b6 4. g3 Bb7 5. Bg2 e6 6. O-O Be7 7. d4 cxd4 8. Qxd4 a6 9. b3 d6 10. Bb2 O-O 11. Rfd1 Nbd7 12. Rac1 Qc7 13. Nd2 Bxg2 14.
Kxg2 b5 15. Nce4 Qb7 16. f3 e5 17. Nxd6 Qc7 18. Qh4 Qxd6 19. Ne4 Qe6 20. c5 Nxe4 21.
Qxe4 Nxc5 22. Qxe5 Qxe5 23. Bxe5 Rac8 24. Rd5 Ne6 25. Rxc8 Rxc8 26. Rd7 Bf6 27. Bxf6 gxf6 28. Rd6 Rc2 29. Rxa6 Rxe2+ 30. Kh3 b4 31. Rb6 Rxa2 32.
Rxb4 Kg7 33. f4 f5 34. Rb5 Kg6 35. Rb6 Kf6 36. b4 Ke7 37. Rb5 Nd4 38. Rd5 Nf3 39.
Rxf5 Rxh2+ 40. Kg4 Nd4 41. Rh5 f5+ 42. Kg5 Rg2 43.
Rxh7+ Ke6 44. Rh6+ Kd5 45. Rh3 Kc4 46. Kf6 Kxb4 47. Ke5 Kc4 48. Rh8 Rxg3 49. Rc8+ Kd3 50. Rd8 Re3+ 51. Kf6 Re4 52. Kg5 Ke3 53. Re8 Rxe8 0-1

[Event "*** Titled Tuesday Blitz"]
[Site "Chess.com"]
[Date "2019.08.06"]
[Round "2"]
[White "GMSrinath"]
[Black "ElHelvetico"]
[Result "1-0"]
[WhiteElo "2837"]
[BlackElo "2695"]
[TimeControl "180+2"]
[EndTime "13:24:13 PDT"]
[Termination "GMSrinath won on time"]

1. e4 c5 2. Nf3 d6 3. d4 cxd4 4. Nxd4 Nf6 5. Nc3 a6 6. h3 g6 7. g4 Bg7 8. Bg2 O-O 9. O-O Nc6 10. Nde2 Bd7 11. b3 Rc8 12. Be3 b5 13. Nd5 Nxd5 14. exd5 Na5 15. Qd2 Bxa1 16. Rxa1 Nb7 17. f4 Qc7 18. Nd4 e5 19. Nc6 Rfe8 20. Qf2 Bxc6 21. dxc6 Nd8 22. Bb6 Qe7 23. fxe5 Nxc6 24. exd6 Qxd6 25.
Rf1 Ne5 26. Bd4 Rc7 27. c3 b4 28. c4 Nd3 29. Qf6 Qxf6 30. Rxf6 Rd8 31. Bb6 Rcd7 32. Bxd8 Rxd8 33. Rxa6 h5 34. g5 Nf4 35. c5 Rd2 36. Bf1 h4 37. Ra4 Rd5 38. Rxb4 Rxg5+ 39. Kf2 Rf5 40.
Rb8+ Kg7 41. c6 Nxh3+ 42. Ke1 Re5+ 43. Kd2 Rd5+ 44. Ke3 Rc5 45. Bxh3 Rxc6 46. Rd8 f5 47. Rd4 Rc3+ 48. Rd3 Rc1 49. b4 Kf6 50. b5 g5 51. b6 Rc8 52. b7 Rb8 53. Bg2 g4 54. Kf4 h3 55. Bc6 h2 56. Rd2 1-0

[Event "*** Titled Tuesday Blitz"]
[Site "Chess.com"]
[Date "2019.08.06"]
[Round "2"]
[White "Evgeny81"]
[Black "VladimirBelous"]
[Result "0-1"]
[WhiteElo "2582"]
[BlackElo "2798"]
[TimeControl "180+2"]
[EndTime "13:24:19 PDT"]
[Termination "VladimirBelous won by resignation"]

1. Nf3 c5 2. c4 g6 3. g3 Bg7 4.
Bg2 Nc6 5. O-O d6 6. Nc3 Bf5 7. d3 Qd7 8. Re1 Bh3 9. Bh1 Nf6 10. Rb1 h5 11. Ng5 h4 12. Nd5 hxg3 13. fxg3 Nxd5 14.
Bxd5 Qf5 15. Bf4 Ne5 16. Bxb7 Rb8 17. Be4 Qd7 18. Bxe5 Bxe5 19. e3 Bg4 20. Bc6 Qxc6 21. Qxg4 f5 22. Qf3 Qd7 23. Qd5 Bf6 24. Qf7+ Kd8 25. Qxg6 Kc7 26. Nh7 Be5 27. d4 Rbg8 28. Qf7 Rg7 29. Qd5 Bxg3 30. hxg3 Rgxh7 31. dxc5 Rh1+ 32. Qxh1 Rxh1+ 33. Kxh1 Qc6+ 34. Kg1 Qxc5 35. b3 Qe5 36.
Kg2 Qe4+ 37. Kh2 Qc2+ 38. Kh3 Qe4 39. Rb2 Qf3 40. Kh2 e5 41. Rd2 Kd7 42. c5 d5 43.
Red1 d4 44. exd4 e4 45. d5 e3 46. c6+ Kd6 47. c7 Kxc7 48. Rc1+ Kd7 49. Rdc2 e2 50. Kh3 f4 51. Rc3 Qxc3 52. Rxc3 e1=Q 53. Rf3 fxg3 54. Rxg3 Qh1+ 55. Kg4 Qh2 56. a4 Kd6 57. Rf3 Kxd5 58. Rg3 Ke4 59. Rh3 Qe2+ 60. Kh4 Kf4 0-1

[Event "*** Titled Tuesday Blitz"]
[Site "Chess.com"]
[Date "2019.08.06"]
[Round "2"]
[White "riconaipe"]
[Black "Kubas1010"]
[Result "0-1"]
[WhiteElo "2443"]
[BlackElo "2587"]
[TimeControl "180+2"]
[EndTime "13:24:22 PDT"]
[Termination "Kubas1010 won by resignation"]

1. d4 Nf6 2. c4 d6 3. Nc3 Nbd7 4. Nf3 e5 5. g3 g6 6. Bg2 Bg7 7. O-O O-O 8. e4 c6 9. h3 Re8 10. Be3 exd4 11. Nxd4 Nc5 12. Qc2 Qe7 13. f3 Nh5 14. b4 Nxg3 15. bxc5 dxc5 16. Nb3 Nxf1 17. Rxf1 b6 18. f4 Qh4 19. e5 Bxh3 20. Ne4 Rad8 21. Qf2 Qxf2+ 22. Bxf2 Be6 23. Nd6 Re7 24. Bxc6 f6 25.
Bh4 g5 26. f5 gxh4 27. fxe6 fxe5 28. Nf5 Rxe6 29. Bd5 Rxd5 30. cxd5 Rg6+ 31. Kf2 Kf7 32. Nd2 h3 33. Ne4 Rg2+ 34. Kf3 Bf8 35. Nfg3 Rxa2 36.
Ng5+ Ke8 37. Nxh3 Bh6 38. Nf5 Ra3+ 39. Kg4 Ra4+ 40. Kh5 Bf4 41. Nxf4 Rxf4 42. Rxf4 exf4 43. Kg4 a5 44. Kxf4 a4 45. Nd6+ Kd7 46. Nb5 c4 47.
Kg5 c3 48. Nxc3 a3 49. Kf4 Kd6 50. Ke4 Kd7 51. Kd4 h5 52. Kc4 h4 53. Kb3 h3 54.
Ne4 h2 55. Ng3 Kd6 56. Kxa3 Kxd5 57. Kb4 Ke5 58. Kb5 Kf4 59. Nh1 Kf3 60. Kxb6 Kg2 61.
Kc5 Kxh1 0-1

[Event "*** Titled Tuesday Blitz"]
[Site "Chess.com"]
[Date "2019.08.06"]
[Round "2"]
[White "KhazarBabazada"]
[Black "johnathan113"]
[Result "1/2-1/2"]
[WhiteElo "2834"]
[BlackElo "2695"]
[TimeControl "180+2"]
[EndTime "13:24:25 PDT"]
[Termination "Game drawn by repetition"]

1. e4 c5 2. Nf3 g6 3. d4 cxd4 4. Nxd4 Nc6 5. c4 Bg7 6. Be3 Qb6 7. Nb3 Qd8 8. Nc3 Bxc3+ 9. bxc3 Nf6 10. Bd3 O-O 11. O-O d6 12. f4 b6 13. Qe2 Ba6 14.
Rae1 Rc8 15. g4 Qc7 16. g5 Nd7 17. Qf2 Na5 18. Nxa5 bxa5 19. Bxa7 Bxc4 20. Bxc4 Qxc4 21. f5 Qxc3 22. Bd4 Qd3 23. f6 exf6 24. gxf6 Rc2 25. Qe3 Qxe3+ 26. Bxe3 Rxa2 27. Rd1 Re2 28. Bh6 Re8 29.
Rxd6 Nc5 30. Rd5 Nxe4 31. Rxa5 Nd2 32. Rf4 Re1+ 33. Kg2 R1e2+ 34. Kg1 Ne4 35. Ra1 Nd6 36. Bg5 Nf5 37. Rf2 h6 38. Bf4 Rxf2 39. Kxf2 g5 40. Ra5 Nh4 41. Bd6 Kh7 42. Bg3 Ng6 43. Ra7 Nh8 44.
h4 Kg6 45. Kf3 Re6 46. Ra8 Kh7 47. hxg5 hxg5 48. Kg4 Ng6 49. Kxg5 Ne5 50. Bxe5 Rxe5+ 51. Kf4 Re1 52. Ra6 Kg6 53. Kf3 Rf1+ 54. Kg3 Rxf6 55. Rxf6+ Kxf6 56. Kf4 Kg6 57. Kg4 Kf6 58. Kf4 Ke6 59. Ke4 Ke7 60. Ke5 Kf8 61. Kf5 Kg7 62. Kg5 Kg8 63. Kf6 Kf8 64. Kf5 Ke8 65. Kf6 Kf8 66.
Kf5 1/2-1/2

[Event "*** Titled Tuesday Blitz"]
[Site "Chess.com"]
[Date "2019.08.06"]
[Round "2"]
[White "qqwow"]
[Black "biostatistician"]
[Result "0-1"]
[WhiteElo "2503"]
[BlackElo "2558"]
[TimeControl "180+2"]
[EndTime "13:24:26 PDT"]
[Termination "biostatistician won by resignation"]

1. d4 e6 2. Nf3 b6 3. e4 Bb7 4. Bd3 Nf6 5. Nbd2 c5 6. c3 cxd4 7. cxd4 Nc6 8. a3 Be7 9. Qe2 d5 10. e5 Nd7 11. b4 O-O 12. Bb2 f6 13. exf6 Nxf6 14. O-O Qd6 15. Ng5 Bc8 16. Rae1 Nd8 17. Ngf3 Ng4 18. h3 Nh6 19. Ne5 Ndf7 20. f4 Nxe5 21. fxe5 Qd8 22. Rxf8+ Qxf8 23. Rf1 Qe8 24. Nf3 Bd7 25. Bc1 Qh5 26. Bxh7+ Kxh7 27. Ng5+ Qxg5 28. Bxg5 Bxg5 29. Qd3+ Kg8 30. Kh2 Be7 31. g4 a5 32. b5 Rc8 33. Rf2 Rc4 34. Rb2 Nf7 35. Kg3 Ng5 36. a4 Ne4+ 37. Kg2 Rc3 38. Qe2 Bg5 39. Rc2 Rg3+ 40. Kh2 Bf4 41. Kh1 Rxh3+ 42.
Kg1 Re3 43. Qf1 Rg3+ 44. Kh1 Rxg4 45. Qh3 Rg6 46. Qf3 Ng3+ 47. Kg2 Nf5+ 48. Kh1 Nxd4 49.
Qxf4 Nxc2 50. Qc1 Nd4 51. Qc7 Be8 52. Qxb6 Nf3 53. Qe3 Rg1+ 54. Qxg1 Nxg1 55. Kxg1 Kf8 56. Kf2 Ke7 57. Ke3 Kd7 58. Kd4 Kc7 59. Kc5 g5 60. Kd4 Kb6 61. Ke3 Kc5 62. Kf3 Bxb5 0-1

[Event "*** Titled Tuesday Blitz"]
[Site "Chess.com"]
[Date "2019.08.06"]
[Round "2"]
[White "JonahWillow"]
[Black "gena217"]
[Result "1-0"]
[WhiteElo "2648"]
[BlackElo "2921"]
[TimeControl "180+2"]
[EndTime "13:24:28 PDT"]
[Termination "JonahWillow won by resignation"]

1. e4 c6 2. d4 d5 3. Nc3 a6 4. e5 Bf5 5. Nge2 e6 6. Ng3 Bg6 7. h4 h6 8. h5 Bh7 9. Bd3 Bxd3 10. Qxd3 c5 11. Nce2 Qa5+ 12. c3 Qb5 13. Qf3 Nd7 14. O-O Ne7 15. b3 Nc6 16. Be3 cxd4 17. cxd4 Be7 18.
Qg4 O-O-O 19. Rfc1 Rhg8 20. Nc3 Qa5 21. Na4 Ba3 22.
Rc2 Kb8 23. Bd2 Qc7 24. Bc1 Be7 25. Bb2 Ncxe5 26. Qe2 Nc6 27. Rac1 Rc8 28. Nf1 Bg5 29. Ne3 Qd6 30. a3 g6 31. b4 gxh5 32. Nc5 Nxc5 33.
bxc5 Qc7 34. Bc3 h4 35. Rb1 Bxe3 36. Qxe3 Ka8 37. Qxh6 Rg4 38. f3 Rxd4 39. Bxd4 Nxd4 40. Rf2 Nf5 41. Qc1 Qxc5 42. Qxc5 Rxc5 43. Rfb2 b5 44. a4 Nd6 45. axb5 axb5 46. Ra1+ Kb7 47. Rba2 Nc8 48. Rb1 Na7 49. Rba1 Nc6 50. Kh2 d4 51. Rb1 d3 52.
Rd2 Rd5 53. Rb3 Ne5 54. f4 Ng4+ 55. Kh3 f5 56. Kxh4 Ne3 57. Rbxd3 Nxg2+ 58. Kg5 Rc5 59. Rxg2 b4 60. Rb2 Rb5 61. Rdb3 Kc6 62. Rxb4 Rd5 63.
Rb6+ Kc7 64. Rb7+ Kc8 65. Rb8+ Kc7 66. R2b7+ Kc6 67. Re7 1-0

[Event "*** Titled Tuesday Blitz"]
[Site "Chess.com"]
[Date "2019.08.06"]
[Round "2"]
[White "Cayse"]
[Black "joppie2"]
[Result "1/2-1/2"]
[WhiteElo "2647"]
[BlackElo "2888"]
[TimeControl "180+2"]
[EndTime "13:24:29 PDT"]
[Termination "Game drawn by repetition"]

1. d4 Nf6 2. Bf4 d5 3. e3 e6 4. Nf3 Bd6 5. Nbd2 b6 6. Bg3 Bb7 7. c3 O-O 8. Bd3 c5 9. Ne5 Nc6 10. f4 Ne7 11. Bh4 Ne4 12. Nxe4 dxe4 13. Bc4 Qc7 14.
Bxe7 Qxe7 15. O-O Kh8 16. Qh5 Rac8 17. Bb3 g6 18. Qh6 Kg8 19. Qh3 Bd5 20. Ng4 c4 21. Ba4 a6 22. Kh1 b5 23. Bc2 a5 24. Nh6+ Kh8 25.
g4 b4 26. g5 f5 27. gxf6 Qxf6 28. Rg1 Rb8 29. Rg2 bxc3 30. bxc3 Rb2 31. a4 Bxf4 32.
Ng4 Qf7 33. exf4 e3 34. Nxe3 Bxg2+ 35. Qxg2 Qxf4 36. Rf1 Qd6 37. Rxf8+ Qxf8 38. Qg3 Qf6 39. Kg1 Ra2 40. Qb8+ Kg7 41. Qb7+ Qf7 42. Qb1 Ra3 43. Qb2 Qf3 44. Qxa3 Qxe3+ 45. Kf1 Qf3+ 46. Ke1 Qe3+ 47. Kd1 Qg1+ 48. Kd2 Qg5+ 49. Ke2 Qg2+ 50. Kd1 Qf1+ 51. Kd2 Qf4+ 52. Ke2 Qg4+ 53. Ke3 Qg1+ 54. Kf4 Qf2+ 55. Ke5 Qxh2+ 56. Kxe6 Qe2+ 57. Kd7 Qxc2 58. Qe7+ Kh6 59. Qh4+ Kg7 60. Qe7+ Kh6 61. Qh4+ Kg7 62. Qe7+ 1/2-1/2